 Dungeon Crawl Stone Soup version 0.31-a0-161-gb58dd9be76 (webtiles) character file.

Game seed: 12267434441066897396

35 Moral the Chopper (level 3, -3/30 (31) HPs)
             Began as a Hill Orc Fighter on June 13, 2023.
             Slain by a gnoll
             ... wielding a +0 whip
              (4 damage)
             ... on level 2 of the Dungeon.
             The game lasted 00:04:34 (790 turns).

Moral the Chopper (Hill Orc Fighter)                 Turns: 790, Time: 00:04:35

HP:   -3/30 (31)    AC:  6    Str: 20    XL:     3   Next: 33%
MP:   3/3           EV:  9    Int:  8    God:
Gold: 47            SH:  4    Dex: 10    Spells: 2/2 levels left

rFire   . . .        a - +0 war axe
rCold   . . .        c - +0 buckler
rNeg    . . .        b - +0 scale mail
rPois   .            (no helmet)
rElec   .            (no cloak)
rCorr   .            (no gloves)
SInv    .            (no boots)
Will    .....        (no amulet) Stlth
                     (no ring)
HPRegen 0.25/turn    (no ring)
MPRegen 0.08/turn

%: no passive effects
@: mighty, weak-willed, lightly drained
A: no striking features
a: no special abilities


You were on level 2 of the Dungeon.
You visited 1 branch of the dungeon, and saw 2 of its levels.

You collected 47 gold pieces.

Inventory:

Hand Weapons
 a - a +0 war axe (weapon)
Armour
 b - a +0 scale mail (worn)
 c - a +0 buckler (worn)
Scrolls
 g - 2 scrolls of identify {unknown}
 h - a scroll of amnesia {unknown}
 i - a scroll of teleportation {unknown}
Potions
 e - a potion of haste {unknown}


   Skills:
 - Level 3.6 Fighting
 * Level 4.9 Axes
 - Level 3.2 Armour
 - Level 3.2 Shields


You had 2 spell levels left.
You didn't know any spells.
Your spell library contained the following spells:

 Spells                   Type           Power      Damage    Failure   Level
 Poisonous Vapours        Pois/Air       0%         N/A       93%         2
 Mephitic Cloud           Conj/Pois/Air  0%         N/A       99%         3
 Freezing Cloud           Conj/Ice/Air   0%         6-21      100%        5


Dungeon Overview and Level Annotations

Branches:
Dungeon (2/15)

Altars:


Message History

You now have 47 gold pieces (gained 12).
Found 7 stones.
A gnoll comes into view. It is wielding a +0 whip.
The gnoll shouts!
A gnoll is nearby!
A gnoll comes into view. It is wielding a +0 club.
Found a book of Spatial Translocations.
The gnoll shouts!
The gnoll moves out of view.
A gnoll comes into view. It is wielding a +0 spear.
Found an escape hatch in the ceiling.
Found a falchion.
The gnoll hits you with a +0 whip.
You hit the gnoll but do no damage. The gnoll hits you with a +0 whip.
You hit the gnoll.
The gnoll is moderately wounded.
The gnoll hits you with a +0 whip.
You hit the gnoll.
The gnoll is moderately wounded.
The gnoll hits you from afar with a +0 spear.
The gnoll hits you from afar with a +0 spear!
* * * LOW HITPOINT WARNING * * *
You block the gnoll's attack.
You slash the gnoll!
The gnoll is severely wounded.
You hit the gnoll.
A bat comes into view.
The gnoll hits you with a +0 whip.
* * * LOW HITPOINT WARNING * * *
You block the gnoll's attack. The gnoll hits you with a +0 club.
* * * LOW HITPOINT WARNING * * *
The bat moves out of view.
As you read the scroll labelled XAPSUT ERCHA, it crumbles to dust.
Magic quickly surges around you.
It was a scroll of vulnerability.
The gnoll hits you with a +0 whip.
* * * LOW HITPOINT WARNING * * *
The gnoll barely misses you. You block the gnoll's attack.
Unknown command.
You feel very mighty all of a sudden. The gnoll hits you with a +0 whip.
You die...

## ### #. ..# #. #.#
) #. #.# ...
#.####### #.# #.:..
#.......#####g#......
#..####......@gg..#
#..# #######.#......
#..######## #.# .....
#.......... ..# ..#.
##.######## ... ...
#†# #... .# #.# #..<.
. #.# ##.#. #.#


You could see 3 gnolls.

Vanquished Creatures
  A dart slug (D:1)
  3 endoplasms (D:1)
  A giant cockroach (D:1)
  6 goblins (D:1)
  3 hobgoblins
  2 quokkas (D:1)
  3 ball pythons (D:1)
  A bat (D:1)
  5 kobolds (D:1)
  3 rats (D:1)
  A spectral hobgoblin (D:1)
29 creatures vanquished.

Notes
Turn   | Place    | Note
-------+----------+-------------------------------------------
     0 | D:1      | Moral the Hill Orc Fighter began the quest for the Orb.
     0 | D:1      | Reached XP level 1. HP: 19/19 MP: 1/1
     9 | D:1      | Reached skill level 3 in Axes
    22 | D:1      | Reached XP level 2. HP: 18/26 MP: 2/2
   157 | D:1      | Reached skill level 4 in Axes
   272 | D:1      | Found a faded altar of an unknown god.
   317 | D:1      | Reached XP level 3. HP: 29/30 MP: 3/3
   789 | D:2      | HP: 1/30 [gnoll/+0 whip (3)]
   790 | D:2      | Slain by a gnoll

Illustrated notes

Levels and vault maps discovered:
D:1:      scummos_arrival_hexagon, layout_loops_ring,
          dreamdust_ecumenical_altar_drowned_temple
D:2:      layout_loops_ring, basic_altar, uniq_terence

Skill      XL: |  1  2 |
---------------+-------+-----
Axes           | 3 4 |  4.9
Fighting       | |  3.6
Armour         | |  3.2
Shields        | |  3.2

Action                     || total
---------------------------++-------
  Melee: War axe           ||    73
    Use: Scroll            ||     1
         Potion            ||     1
 Armour: Scale mail        ||    36
  Dodge: Dodged            ||    45
  Block: Buckler           ||    17

Table legend: (Time is in decaauts)
 A = Elapsed time spent in this place.
 B = Non-inter-level travel time spent in this place.
 C = Inter-level travel time spent in this place.
 D = Time resting spent in this place.
 E = Time spent auto-exploring this place.
 F = Levels seen in this place.
 G = Mean time per level.
                   A        B        C        D        E       F      G
               +--------+--------+--------+--------+--------+-----+--------+
         Total |    817 |    817 |      0 |      0 |    567 |   2 |  408.5 |
       Dungeon |    817 |    817 |      0 |      0 |    567 |   2 |  408.5 |
               +--------+--------+--------+--------+--------+-----+--------+

Top non-repeatable levels by time:
     D:1: 778 daAuts
     D:2: 39 daAuts
